General information
- name: BNet
- type: Ladder team game (AT/RT)
- host: Battle.net
- saver: roar-boar-hoara
map: TwilightRuins
- players: 8
- length: 39:35
- speed: Fast
- version: 1.28 W3XP
- replay type: Public
» download(335 KB)
Players
team 1 (loser)
ZugZugThug (
teal | 127 APM | 3668 actions | 28:50)
4 Archmage
2 Summon Water Elemental
2 Brilliance Aura
2 Paladin
1 Holy Light
1 Devotion Aura
1 Mountain King
1 Storm Bolt
» actions
| Assign group hotkey | 78 | |
| Basic commands | 335 | |
| Build / train | 100 | |
| Enter build submenu | 31 | |
| Enter hero's abilities submenu | 7 | |
| Give item / drop item | 1 | |
| Remove unit from queue | 4 | |
| Right click | 1286 | |
| Select / deselect | 452 | |
| Select group hotkey | 1221 | |
| Use ability | 153 | |
3668 total
» units
| Peasant | 14 | |
| Footman | 7 | |
| Goblin Shredder | 1 | |
| Rifleman | 3 | |
| Priest | 2 | |
| Flying Machine | 1 | |
| Spell Breaker | 4 | |
| Knight | 2 | |
| Siege Engine | 3 | |
| Mortar Team | 2 | |
39 total
» upgrades
| Defend | 1 | |
| Swords | 2 | |
| Long Rifles | 1 | |
| Masonry | 3 | |
| Lumber Harvesting | 1 | |
| Plating | 1 | |
| Gunpowder | 1 | |
| Flare | 1 | |
| Sorceress Training | 1 | |
| Priest Training | 1 | |
| Magic Sentry | 0 | |
| Barrage | 1 | |
| Fragmentation Shards | 1 | |
| Animal War Training | 1 | |
16 total
» buildings
| Altar of Kings | 1 | |
| Barracks | 3 | |
| Farm | 10 | |
| Lumber Mill | 1 | |
| Town Hall | 1 | |
| Scout Tower | 32 | |
| Arcane Vault | 2 | |
| Arcane Tower | 2 | |
| Guard Tower | 8 | |
| Blacksmith | 1 | |
| Keep | 1 | |
| Arcane Sanctum | 2 | |
| Workshop | 2 | |
| Castle | 1 | |
67 total
» build order
00:09 Altar of Kings
00:20 Barracks
00:34 Farm
01:05 Farm
01:06 Farm
01:07 Farm
01:35 Lumber Mill
03:54 Town Hall
03:55 Scout Tower
03:55 Scout Tower
03:56 Scout Tower
04:09 Farm
04:47 Arcane Vault
05:03 Arcane Tower
05:04 Guard Tower
05:28 Blacksmith
06:11 Barracks
06:13 Keep
06:15 Barracks
06:28 Farm
06:29 Farm
06:29 Farm
06:29 Farm
07:11 Arcane Vault
08:30 Scout Tower
08:30 Scout Tower
08:31 Scout Tower
08:32 Scout Tower
08:51 Arcane Sanctum
08:55 Workshop
09:22 Arcane Tower
09:24 Guard Tower
09:30 Scout Tower
09:31 Scout Tower
09:31 Scout Tower
09:32 Scout Tower
11:29 Guard Tower
11:30 Castle
11:36 Workshop
11:38 Arcane Sanctum
14:27 Scout Tower
14:28 Scout Tower
14:30 Scout Tower
14:30 Scout Tower
14:38 Guard Tower
14:40 Scout Tower
14:40 Scout Tower
15:23 Scout Tower
15:23 Scout Tower
15:24 Scout Tower
15:24 Scout Tower
15:25 Scout Tower
15:27 Scout Tower
15:32 Guard Tower
16:11 Scout Tower
16:11 Scout Tower
16:12 Scout Tower
16:13 Scout Tower
16:15 Scout Tower
16:16 Scout Tower
16:18 Scout Tower
16:44 Guard Tower
17:41 Guard Tower
18:16 Farm
18:48 Guard Tower
19:02 Scout Tower
19:02 Scout Tower
» items
| Potion of Lesser Invulnerability | 2 | |
| Scroll of Regeneration | 1 | |
| Scroll of Town Portal | 14 | |
17 total

»
OhWow (
pink | 92 APM | 2691 actions | 29:21)
5 Archmage
2 Summon Water Elemental
3 Brilliance Aura
» actions
| Assign group hotkey | 135 | |
| Basic commands | 233 | |
| Build / train | 59 | |
| Enter build submenu | 27 | |
| Enter hero's abilities submenu | 5 | |
| Give item / drop item | 2 | |
| Right click | 884 | |
| Select / deselect | 420 | |
| Select group hotkey | 720 | |
| Use ability | 206 | |
2691 total
» units
| Peasant | 11 | |
| Footman | 5 | |
| Sorceress | 8 | |
| Spell Breaker | 4 | |
| Flying Machine | 1 | |
29 total
» upgrades
| Sorceress Training | 2 | |
| Control Magic | 1 | |
| Masonry | 1 | |
4 total
» buildings
| Altar of Kings | 2 | |
| Barracks | 1 | |
| Farm | 10 | |
| Scout Tower | 1 | |
| Arcane Tower | 1 | |
| Keep | 2 | |
| Arcane Vault | 1 | |
| Arcane Sanctum | 5 | |
| Castle | 1 | |
| Town Hall | 4 | |
| Lumber Mill | 1 | |
| Blacksmith | 1 | |
| Workshop | 1 | |
31 total
» build order
00:08 Altar of Kings
00:22 Barracks
00:37 Farm
00:52 Farm
01:38 Farm
02:05 Scout Tower
03:29 Arcane Tower
03:42 Farm
03:58 Keep
04:02 Arcane Vault
04:50 Farm
05:25 Farm
06:01 Farm
06:35 Arcane Sanctum
06:38 Arcane Sanctum
06:39 Arcane Sanctum
07:22 Castle
08:01 Farm
10:21 Farm
10:22 Farm
14:48 Town Hall
15:07 Altar of Kings
16:44 Town Hall
18:55 Keep
20:22 Lumber Mill
21:36 Arcane Sanctum
22:19 Arcane Sanctum
22:36 Blacksmith
24:42 Workshop
25:09 Town Hall
25:12 Town Hall
» items
| Scroll of Town Portal | 5 | |
| Scroll of Regeneration | 1 | |
| Scroll of Healing | 5 | |
| Scroll of Protection | 2 | |
| Potion of Lesser Invulnerability | 1 | |
| Potion of Healing | 2 | |
16 total
JudgeJuryExe (
red | 67 APM | 2665 actions | 39:34)
10 Blademaster
3 Wind Walk
3 Critical Strike
1 Bladestorm
3 Mirror Image
1 Archmage
1 Mass Teleport
» actions
| Assign group hotkey | 102 | |
| Basic commands | 66 | |
| Build / train | 102 | |
| Enter build submenu | 63 | |
| Enter hero's abilities submenu | 11 | |
| Give item / drop item | 15 | |
| Remove unit from queue | 2 | |
| Right click | 1219 | |
| Select / deselect | 426 | |
| Select group hotkey | 401 | |
| Use ability | 257 | |
2665 total
» units
| Peon | 11 | |
| Grunt | 4 | |
| Goblin Shredder | 2 | |
| Goblin Sapper | 6 | |
| Troll Batrider | 12 | |
| Goblin Zeppelin | 1 | |
| Troll Witch Doctor | 1 | |
| Sorceress | 4 | |
41 total
» upgrades
| Reinforced Defenses | 1 | |
| Liquid Fire | 1 | |
| Ranged Weapons | 3 | |
| Troll Regeneration | 1 | |
| Armor | 3 | |
| Magic Sentry | 1 | |
10 total
» buildings
| Orc Burrow | 4 | |
| Altar of Storms | 1 | |
| Barracks | 1 | |
| Voodoo Lounge | 2 | |
| War Mill | 2 | |
| Great Hall | 2 | |
| Stronghold | 1 | |
| Watch Tower | 48 | |
| Fortress | 1 | |
| Beastiary | 6 | |
| Spirit Lodge | 1 | |
| Scout Tower | 3 | |
| Guard Tower | 1 | |
| Town Hall | 1 | |
74 total
» build order
00:12 Orc Burrow
01:06 Altar of Storms
01:08 Barracks
01:11 Orc Burrow
01:45 Voodoo Lounge
02:42 War Mill
03:27 Orc Burrow
04:31 Great Hall
05:28 Stronghold
06:13 Watch Tower
06:13 Watch Tower
06:14 Watch Tower
06:14 Watch Tower
07:18 Orc Burrow
08:03 Fortress
08:07 Watch Tower
08:08 Watch Tower
08:09 Watch Tower
08:10 Watch Tower
08:28 Watch Tower
08:30 Watch Tower
10:40 Watch Tower
10:42 Beastiary
10:45 Beastiary
10:48 Beastiary
10:52 Beastiary
12:28 War Mill
14:56 Watch Tower
14:56 Watch Tower
14:57 Watch Tower
16:13 Watch Tower
16:14 Watch Tower
16:14 Watch Tower
16:14 Watch Tower
16:29 Voodoo Lounge
17:35 Watch Tower
17:36 Watch Tower
19:02 Beastiary
19:06 Beastiary
19:08 Watch Tower
19:09 Watch Tower
19:25 Watch Tower
19:26 Watch Tower
19:26 Watch Tower
19:27 Watch Tower
19:27 Watch Tower
19:27 Watch Tower
19:56 Watch Tower
19:56 Watch Tower
19:57 Watch Tower
19:57 Watch Tower
19:58 Watch Tower
22:35 Watch Tower
22:35 Watch Tower
22:35 Watch Tower
22:35 Watch Tower
22:36 Watch Tower
22:37 Watch Tower
22:37 Watch Tower
22:38 Watch Tower
22:39 Watch Tower
22:39 Watch Tower
22:58 Watch Tower
25:13 Spirit Lodge
32:24 Scout Tower
32:24 Scout Tower
32:24 Scout Tower
33:56 Great Hall
33:58 Watch Tower
33:58 Watch Tower
33:59 Watch Tower
34:00 Watch Tower
34:04 Guard Tower
35:41 Town Hall
» items
| Healing Salve | 6 | |
| Boots of Speed | 1 | |
| Scroll of Town Portal | 5 | |
| Potion of Mana | 3 | |
| Lesser Clarity Potion | 4 | |
| Potion of Healing | 3 | |
| Periapt of Vitality | 3 | |
| Staff of Teleportation | 2 | |
| Potion of Lesser Invulnerability | 2 | |
| Scroll of Protection | 2 | |
| Orb of Lightning | 1 | |
| Tiny Great Hall | 1 | |
| Scroll of Healing | 1 | |
34 total
Leaf (
yellow | 151 APM | 4368 actions | 28:57)
4 Blademaster
2 Wind Walk
2 Critical Strike
2 Shadow Hunter
1 Hex
1 Healing Wave
» actions
| Assign group hotkey | 32 | |
| Basic commands | 9 | |
| Build / train | 107 | |
| ESC pressed | 8 | |
| Enter build submenu | 63 | |
| Enter hero's abilities submenu | 7 | |
| Give item / drop item | 1 | |
| Remove unit from queue | 6 | |
| Right click | 1700 | |
| Select / deselect | 481 | |
| Select group hotkey | 1740 | |
| Use ability | 214 | |
4368 total
» units
| Peon | 18 | |
| Grunt | 9 | |
| Goblin Shredder | 2 | |
| Shaman | 14 | |
| Tauren | 10 | |
| Spirit Walker | -1 | |
| Troll Batrider | 2 | |
54 total
» upgrades
| Armor | 3 | |
| Melee Weapons | 2 | |
| Shaman Training | 2 | |
| Reinforced Defenses | 1 | |
| Spirit Walker Training | -1 | |
| Pulverize | 1 | |
8 total
» buildings
| Altar of Storms | 1 | |
| Orc Burrow | 11 | |
| Barracks | 2 | |
| War Mill | 1 | |
| Voodoo Lounge | 2 | |
| Watch Tower | 17 | |
| Great Hall | 3 | |
| Stronghold | 4 | |
| Fortress | 1 | |
| Spirit Lodge | 1 | |
| Tauren Totem | 4 | |
| Beastiary | 3 | |
50 total
» build order
00:09 Altar of Storms
00:18 Orc Burrow
00:38 Barracks
01:31 Orc Burrow
02:07 War Mill
02:28 Voodoo Lounge
03:06 Orc Burrow
03:25 Watch Tower
03:36 Watch Tower
03:54 Watch Tower
04:43 Watch Tower
05:33 Watch Tower
06:14 Great Hall
06:47 Stronghold
07:33 Orc Burrow
07:39 Great Hall
09:37 Watch Tower
09:41 Fortress
10:29 Voodoo Lounge
10:34 Watch Tower
10:49 Great Hall
10:55 Spirit Lodge
13:50 Tauren Totem
13:52 Beastiary
13:56 Orc Burrow
13:58 Orc Burrow
14:49 Orc Burrow
16:11 Watch Tower
16:13 Watch Tower
16:15 Watch Tower
16:16 Watch Tower
16:18 Watch Tower
16:20 Watch Tower
16:21 Watch Tower
16:23 Watch Tower
16:26 Watch Tower
16:32 Watch Tower
18:25 Tauren Totem
18:28 Barracks
18:29 Tauren Totem
25:06 Beastiary
25:07 Beastiary
26:46 Orc Burrow
26:48 Orc Burrow
26:51 Orc Burrow
27:28 Orc Burrow
» items
| Healing Salve | 3 | |
| Potion of Lesser Invulnerability | 4 | |
| Orb of Lightning | 1 | |
| Scroll of Town Portal | 7 | |
| Scroll of Speed | 2 | |
| Lesser Clarity Potion | 2 | |
| Potion of Mana | 1 | |
| Scroll of Healing | 1 | |
21 total
team 2 (winner)

»
Intrigue (
orange | 72 APM | 2853 actions | 39:23)
7 Death Knight
3 Death Coil
3 Unholy Aura
1 Animate Dead
5 Dreadlord
3 Sleep
2 Vampiric Aura
» actions
| Assign group hotkey | 109 | |
| Basic commands | 11 | |
| Build / train | 78 | |
| ESC pressed | 2 | |
| Enter build submenu | 28 | |
| Enter hero's abilities submenu | 14 | |
| Give item / drop item | 1 | |
| Remove unit from queue | 1 | |
| Right click | 1270 | |
| Select / deselect | 277 | |
| Select group hotkey | 955 | |
| Use ability | 107 | |
2853 total
» units
| Acolyte | 11 | |
| Ghoul | 3 | |
| Crypt Fiend | 12 | |
| Frost Wyrm | 6 | |
| Obsidian Statue | 2 | |
34 total
» upgrades
| Web | 1 | |
| Destroyer Form | 1 | |
| Freezing Breath | 1 | |
| Creature Attack | 1 | |
4 total
» buildings
| Crypt | 1 | |
| Graveyard | 1 | |
| Ziggurat | 10 | |
| Altar of Darkness | 1 | |
| Tomb of Relics | 4 | |
| Nerubian Tower | 2 | |
| Halls of the Dead | 1 | |
| Spirit Tower | 4 | |
| Necropolis | 1 | |
| Black Citadel | 3 | |
| Sacrificial Pit | 1 | |
| Boneyard | 2 | |
| Slaughterhouse | 1 | |
32 total
» build order
00:21 Crypt
00:23 Graveyard
00:34 Ziggurat
00:47 Altar of Darkness
01:16 Tomb of Relics
01:42 Ziggurat
02:13 Nerubian Tower
04:30 Halls of the Dead
04:33 Spirit Tower
04:35 Ziggurat
06:45 Ziggurat
08:26 Ziggurat
08:27 Ziggurat
08:51 Ziggurat
09:08 Necropolis
09:12 Black Citadel
09:13 Black Citadel
09:13 Black Citadel
09:35 Nerubian Tower
09:44 Spirit Tower
09:45 Spirit Tower
10:31 Ziggurat
11:21 Sacrificial Pit
12:18 Boneyard
12:20 Boneyard
12:33 Spirit Tower
14:11 Slaughterhouse
16:36 Ziggurat
16:37 Ziggurat
22:37 Tomb of Relics
22:54 Tomb of Relics
23:06 Tomb of Relics
» items
| Rod of Necromancy | 1 | |
| Potion of Healing | 3 | |
| Scroll of Town Portal | 8 | |
| Boots of Speed | 1 | |
| Orb of Corruption | 1 | |
14 total
AMORDENOCHE (
purple | 42 APM | 1530 actions | 36:51)
7 Blademaster
3 Wind Walk
3 Critical Strike
1 Bladestorm
» actions
| Assign group hotkey | 58 | |
| Basic commands | 128 | |
| Build / train | 92 | |
| ESC pressed | 4 | |
| Enter build submenu | 19 | |
| Enter hero's abilities submenu | 7 | |
| Give item / drop item | 6 | |
| Right click | 469 | |
| Select / deselect | 226 | |
| Select group hotkey | 316 | |
| Use ability | 205 | |
1530 total
» units
| Peon | 14 | |
| Tauren | 15 | |
| Spirit Walker | 5 | |
34 total
» upgrades
| Spiked Barricades | 3 | |
| Armor | 2 | |
| Pulverize | 1 | |
| Reinforced Defenses | 1 | |
| Spirit Walker Training | 2 | |
9 total
» buildings
| Altar of Storms | 1 | |
| Orc Burrow | 7 | |
| Voodoo Lounge | 1 | |
| Stronghold | 4 | |
| War Mill | 1 | |
| Fortress | 1 | |
| Spirit Lodge | 1 | |
| Watch Tower | 16 | |
| Tauren Totem | 2 | |
34 total
» build order
00:08 Altar of Storms
00:24 Orc Burrow
00:52 Voodoo Lounge
02:40 Stronghold
02:40 Stronghold
02:40 Stronghold
04:45 Orc Burrow
04:49 Orc Burrow
04:52 War Mill
06:05 Fortress
06:08 Spirit Lodge
06:13 Watch Tower
06:17 Watch Tower
08:21 Watch Tower
08:22 Watch Tower
08:23 Watch Tower
08:23 Watch Tower
08:30 Tauren Totem
08:30 Tauren Totem
10:39 Watch Tower
10:40 Watch Tower
10:54 Orc Burrow
10:54 Orc Burrow
12:17 Watch Tower
14:12 Watch Tower
14:13 Watch Tower
14:14 Watch Tower
14:14 Watch Tower
15:40 Watch Tower
15:41 Watch Tower
15:42 Watch Tower
18:19 Orc Burrow
18:21 Orc Burrow
» items
| Healing Salve | 7 | |
| Lesser Clarity Potion | 6 | |
| Scroll of Speed | 3 | |
| Staff of Teleportation | 1 | |
| Boots of Speed | 1 | |
| Orb of Lightning | 1 | |
| Scroll of Town Portal | 10 | |
| Potion of Healing | 2 | |
| Rod of Necromancy | 1 | |
32 total

»
Todova.cl (
blue | 109 APM | 4280 actions | 39:07)
6 Keeper of the Grove
3 Entangling Roots
2 Thorns Aura
1 Tranquility
5 Priestess of the Moon
1 Scout
3 Trueshot Aura
1 Searing Arrows
» actions
| Assign group hotkey | 35 | |
| Basic commands | 554 | |
| Build / train | 125 | |
| ESC pressed | 4 | |
| Enter build submenu | 21 | |
| Enter hero's abilities submenu | 11 | |
| Give item / drop item | 9 | |
| Remove unit from queue | 1 | |
| Right click | 1356 | |
| Select / deselect | 699 | |
| Select group hotkey | 1195 | |
| Use ability | 270 | |
4280 total
» units
| Wisp | 40 | |
| Archer | 8 | |
| Huntress | 2 | |
| Druid of the Talon | 10 | |
| Goblin Shredder | 2 | |
| Goblin Sapper | 3 | |
| Chimaera | 3 | |
| Faerie Dragon | 4 | |
72 total
» upgrades
| Druid of the Talon Training | 2 | |
| Ultravision | 1 | |
| Strength of the Wild | 2 | |
| Reinforced Hides | 1 | |
| Well Spring | 0 | |
| Mark of the Talon | 1 | |
| Corrosive Breath | 2 | |
9 total
» buildings
| Altar of Elders | 1 | |
| Moon Well | 6 | |
| Ancient of War | 1 | |
| Ancient of Wonders | 1 | |
| Tree of Ages | 2 | |
| Hunter's Hall | 1 | |
| Tree of Life | 4 | |
| Ancient Protector | 2 | |
| Ancient of Wind | 2 | |
| Tree of Eternity | 1 | |
| Chimaera Roost | 3 | |
24 total
» build order
00:12 Altar of Elders
00:14 Moon Well
00:57 Ancient of War
01:33 Moon Well
01:43 Ancient of Wonders
02:28 Moon Well
03:57 Tree of Ages
03:57 Tree of Ages
03:58 Moon Well
04:53 Hunter's Hall
05:27 Moon Well
05:41 Tree of Life
05:59 Ancient Protector
07:28 Ancient of Wind
11:26 Tree of Life
11:41 Moon Well
11:57 Ancient of Wind
13:48 Tree of Eternity
14:36 Tree of Life
17:06 Ancient Protector
18:01 Chimaera Roost
20:07 Chimaera Roost
20:08 Chimaera Roost
24:27 Tree of Life
» items
| Dust of Appearance | 2 | |
| Rod of Necromancy | 1 | |
| Periapt of Vitality | 1 | |
| Scroll of Town Portal | 4 | |
| Lesser Clarity Potion | 3 | |
| Potion of Healing | 3 | |
| Potion of Mana | 2 | |
| Orb of Lightning | 1 | |
| Orb of Corruption | 1 | |
| Scroll of Healing | 1 | |
19 total
roar-boar-hoara (
green | 73 APM | 2892 actions | 39:35)
5 Blademaster
3 Wind Walk
2 Critical Strike
» actions
| Assign group hotkey | 33 | |
| Basic commands | 195 | |
| Build / train | 85 | |
| Enter build submenu | 50 | |
| Enter hero's abilities submenu | 5 | |
| Give item / drop item | 2 | |
| Remove unit from queue | 4 | |
| Right click | 1046 | |
| Select / deselect | 319 | |
| Select group hotkey | 1003 | |
| Use ability | 150 | |
2892 total
» units
| Peon | 13 | |
| Goblin Shredder | 1 | |
| Troll Batrider | 10 | |
| Wind Rider | 2 | |
| Raider | 2 | |
| Goblin Sapper | 16 | |
44 total
» upgrades
| Ranged Weapons | 2 | |
| Reinforced Defenses | 1 | |
| Liquid Fire | 1 | |
| Armor | 2 | |
| Envenomed Spears | 1 | |
| Ensnare | 1 | |
| Melee Weapons | 2 | |
| Pillage | 1 | |
11 total
» buildings
| Altar of Storms | 1 | |
| Orc Burrow | 7 | |
| War Mill | 1 | |
| Voodoo Lounge | 1 | |
| Watch Tower | 39 | |
| Stronghold | 2 | |
| Great Hall | 2 | |
| Fortress | 2 | |
| Beastiary | 6 | |
61 total
» build order
00:06 Altar of Storms
00:17 Orc Burrow
00:37 War Mill
01:06 Voodoo Lounge
02:00 Watch Tower
02:18 Watch Tower
02:36 Watch Tower
03:22 Stronghold
03:29 Orc Burrow
04:04 Great Hall
05:17 Watch Tower
05:18 Watch Tower
05:31 Watch Tower
06:02 Fortress
06:02 Fortress
06:06 Watch Tower
06:29 Watch Tower
06:41 Watch Tower
07:06 Beastiary
07:30 Beastiary
07:56 Watch Tower
08:00 Watch Tower
08:34 Watch Tower
08:40 Watch Tower
08:43 Orc Burrow
10:08 Watch Tower
10:31 Watch Tower
10:48 Watch Tower
10:52 Orc Burrow
11:38 Orc Burrow
12:25 Watch Tower
14:43 Beastiary
14:46 Orc Burrow
17:23 Watch Tower
17:24 Watch Tower
17:24 Watch Tower
17:24 Watch Tower
17:25 Watch Tower
17:51 Watch Tower
18:14 Watch Tower
19:30 Watch Tower
19:33 Watch Tower
20:37 Watch Tower
20:59 Watch Tower
21:51 Watch Tower
22:52 Watch Tower
23:38 Watch Tower
23:46 Beastiary
24:08 Watch Tower
24:59 Watch Tower
24:59 Watch Tower
25:16 Watch Tower
26:43 Watch Tower
26:44 Watch Tower
26:45 Watch Tower
27:53 Beastiary
29:13 Beastiary
29:52 Orc Burrow
29:54 Stronghold
30:36 Great Hall
» items
| Healing Salve | 4 | |
| Scroll of Town Portal | 6 | |
| Staff of Teleportation | 1 | |
| Potion of Lesser Invulnerability | 1 | |
| Tiny Great Hall | 1 | |
| Lesser Clarity Potion | 1 | |
| Orb of Lightning | 1 | |
15 total
Chat log
(00:02 / All) Leaf: gl hf
(00:10 / Allies) Intrigue: 2 orcs each team
(00:14 / Allies) Intrigue: i got fiends
(00:26 / Allies) Intrigue: 100g blue?
(00:32 / Allies) Intrigue: ty
(00:36 / Allies) AMORDENOCHE: taurens
(00:41 / Allies) roar-boar-hoara: bat
(00:43 / Allies) Intrigue: air would work nice
(00:55 / Allies) Intrigue: u got air blue?
(00:58 / Allies) Todova.cl: ok
(00:58 / Allies) roar-boar-hoara: i do son
(01:04 / Allies) Intrigue: both
(01:06 / Allies) Intrigue: they have little aa
(01:11 / Allies) Intrigue: 2 hu 1 orc
(02:08 / Allies) Intrigue: watch they orc be on my side
(03:29 / Allies) Intrigue: dust
(03:51 / Allies) roar-boar-hoara: 100 wood
(04:28 / Allies) Intrigue: b
(04:41 / Allies) Intrigue: 3 up here
(07:53 / Allies) Intrigue: omw
(07:54 / All) JudgeJuryExe: I gonna get you back for this
(08:00 / Allies) Intrigue: units
(08:01 / Allies) Intrigue: not hero
(08:43 / Allies) Todova.cl: why they all hate me
(08:44 / Allies) Todova.cl: help
(09:13 / Allies) roar-boar-hoara: wood getting bats
(09:27 / Allies) Todova.cl: can u helpĀ”?
(10:03 / Allies) Todova.cl: CAN U DO SOMETHING'
(10:26 / Allies) Todova.cl: lol
(10:33 / Allies) Todova.cl: no help
(10:33 / Allies) roar-boar-hoara: batting
(10:34 / Allies) roar-boar-hoara: soon
(10:37 / Allies) roar-boar-hoara: dont leave
(10:53 / Allies) Todova.cl: stupid bats
(11:45 / Allies) Todova.cl: gold
(12:03 / Allies) Intrigue: too many dude
(12:07 / Allies) Todova.cl: is over
(12:09 / Allies) roar-boar-hoara: no
(12:10 / Allies) roar-boar-hoara: its not
(12:11 / Allies) roar-boar-hoara: jessu
(12:15 / Allies) Todova.cl: 2 orc noob techer
(12:37 / Allies) roar-boar-hoara: tp
(12:49 / Allies) Todova.cl: fuck off
(13:21 / Allies) AMORDENOCHE: use towerrs
(13:54 / All) OhWow: lag help retards :D
(14:14 / Allies) Todova.cl: gold
(14:51 / Allies) Intrigue: nice green
(15:13 / Allies) Todova.cl: can u help me?
(15:23 / Allies) Todova.cl: cant get money expo etc
(15:25 / Allies) Intrigue: i hitting yellow
(15:41 / All) roar-boar-hoara: die pink
(15:42 / All) roar-boar-hoara: bitch
(16:11 / All) OhWow: dumb hack faggot
(16:18 / Allies) Intrigue: come purp
(16:23 / Allies) AMORDENOCHE: i need tp
(16:25 / Allies) AMORDENOCHE: whait
(16:32 / Allies) AMORDENOCHE: whait
(16:33 / Allies) AMORDENOCHE: plz
(16:41 / Allies) Intrigue: hurry dude
(16:42 / Allies) Intrigue: wtf
(16:46 / Allies) AMORDENOCHE: tp
(16:49 / Allies) Intrigue: idiot
(17:09 / Allies) AMORDENOCHE: really ?
(17:11 / Allies) AMORDENOCHE: green
(17:13 / Allies) roar-boar-hoara: taking it
(17:24 / Allies) Todova.cl: ?
(17:40 / Allies) roar-boar-hoara: hit yellow
(17:53 / Allies) Intrigue: \tp
(18:26 / Allies) AMORDENOCHE: ok feed me
(18:28 / Allies) AMORDENOCHE: for units
(20:52 / Allies) AMORDENOCHE: b
(21:00 / Allies) AMORDENOCHE: gold me green
(21:39 / Allies) AMORDENOCHE: b
(21:41 / Allies) AMORDENOCHE: oj
(21:42 / Allies) AMORDENOCHE: leave
(21:44 / Allies) AMORDENOCHE: base
(22:26 / Allies) AMORDENOCHE: buy tp
(22:30 / Allies) Intrigue: need gold
(22:31 / Allies) AMORDENOCHE: make other
(22:37 / Allies) AMORDENOCHE: shop
(22:42 / Allies) Intrigue: more
(22:48 / Allies) Todova.cl: helpo
(22:50 / Allies) Todova.cl: now
(22:53 / Allies) Todova.cl: ho
(23:01 / Allies) Intrigue: move
(23:09 / Allies) Todova.cl: HELP
(23:31 / Allies) Todova.cl: u faggots help shit all game
(23:34 / All) OhWow: green hack shit noob
(23:35 / Allies) AMORDENOCHE: he need
(23:40 / Allies) Intrigue: spirit link
(24:19 / All) JudgeJuryExe: shiiet
(24:38 / Allies) AMORDENOCHE: gold me green
(24:39 / Allies) AMORDENOCHE: now
(25:17 / Allies) AMORDENOCHE: greeen
(25:21 / Allies) AMORDENOCHE: gold
(25:31 / Allies) AMORDENOCHE: cmon
(25:33 / Allies) AMORDENOCHE: more !
(25:51 / All) roar-boar-hoara: pink mh!!!
(26:04 / Allies) Todova.cl: go
(26:16 / Allies) roar-boar-hoara: not red
(26:18 / All) Leaf: wtF?
(26:39 / Allies) AMORDENOCHE: come all
(26:48 / Allies) Todova.cl: that fucking faggot red
(26:49 / Allies) AMORDENOCHE: blue come
(26:51 / Allies) Todova.cl: no
(26:54 / Allies) Todova.cl: im defending
(27:34 / Allies) AMORDENOCHE: blue
(27:58 / Allies) Todova.cl: defend me
(28:37 / Allies) roar-boar-hoara: hit
(28:37 / Allies) AMORDENOCHE: gold me
(28:38 / Allies) roar-boar-hoara: yellow
(28:39 / Allies) roar-boar-hoara: YELLOW
(28:39 / Allies) AMORDENOCHE: green
(28:41 / Allies) roar-boar-hoara: HIT YELLO
(28:48 / All) OhWow: team too stupid to carry vs hacking faggot grean
(28:50 / All) OhWow: green *
(28:54 / All) Todova.cl: bye faggot
(28:55 / All) OhWow: idiots massing tauren for 30 min
(28:59 / All) OhWow: into mass ud elf air
(29:03 / All) Todova.cl: bye bye
(29:06 / All) JudgeJuryExe: bitch way to go out lol
(29:13 / Allies) Intrigue: go0l dplease
(29:17 / All) OhWow: enjoy free backstab losses green hacker, yellow and teal retards
(29:22 / All) Todova.cl: stfu bye
(29:37 / Allies) Intrigue: gold pelase
(29:53 / Allies) Intrigue: gold pelase for expo
(29:56 / Allies) roar-boar-hoara: wood plz
(30:06 / Allies) Todova.cl: red is a fucking faggot
(30:43 / Allies) Todova.cl: lol fuck u
(30:52 / All) roar-boar-hoara: BLUE
(30:54 / All) roar-boar-hoara: BLUE TK
(31:03 / All) roar-boar-hoara: blue tk
(31:04 / Allies) Todova.cl: stop taking my shit noob
(31:04 / All) roar-boar-hoara: blue tk
(31:12 / All) Todova.cl: ok
(31:20 / All) roar-boar-hoara: fuck u blue
(31:21 / Allies) AMORDENOCHE: attack
(31:21 / All) roar-boar-hoara: tker
(31:22 / Allies) AMORDENOCHE: bm
(31:31 / All) Todova.cl: red
(31:34 / All) Todova.cl: u can win
(31:43 / All) JudgeJuryExe: puss
(31:46 / All) JudgeJuryExe: that was a bm battle
(31:52 / Allies) Intrigue: give me gold
(32:08 / All) roar-boar-hoara: blue dies for being a tker
(32:16 / Allies) Intrigue: can you give me gold green
(32:21 / All) Todova.cl: green tked me
(32:22 / All) Todova.cl: so
(32:25 / All) Todova.cl: he lose
(32:29 / All) Todova.cl: he is taking my expo
(32:29 / Allies) Intrigue: gold anyone?
(32:33 / All) roar-boar-hoara: liar, he tked my expo first
(32:35 / All) JudgeJuryExe: you don't need it
(32:38 / Allies) Intrigue: gol dpelase
(32:42 / All) Todova.cl: Red u won
(32:43 / All) Todova.cl: 4
(32:47 / All) JudgeJuryExe: thanks I know
(32:48 / Allies) Intrigue: gold pelase
(32:48 / All) Todova.cl: they cant beat u
(32:55 / All) Todova.cl: green has wyverns
(32:59 / Allies) Intrigue: gold please green
(32:59 / All) Todova.cl: he at my main
(33:07 / All) roar-boar-hoara: now blue is tking oj and purp
(33:10 / All) Todova.cl: purple has no expo
(33:15 / Allies) Intrigue: gold please
(33:16 / All) Todova.cl: green has 3 expo
(33:19 / All) Todova.cl: his natural
(33:23 / All) Todova.cl: purple natural and mine
(33:35 / Allies) Intrigue: blue attack
(33:44 / All) Todova.cl: green has 9.5k gold
(33:49 / Allies) Intrigue: we gonna lose
(33:49 / All) Todova.cl: at 80 food
(33:53 / Allies) Todova.cl: i know
(33:58 / Allies) Todova.cl: green such a faggot
(34:03 / Allies) Todova.cl: i want to lose now
(34:05 / Allies) Intrigue: i didn't do shit to you
(34:06 / All) roar-boar-hoara: i was by far our best player ur crazy
(34:13 / All) roar-boar-hoara: i took out pinks base and 3 expos
(34:19 / All) Todova.cl: red i hope u getin units
(34:22 / All) Todova.cl: green has alot of gold
(34:24 / All) Todova.cl: and 3 expos
(34:33 / All) Todova.cl: dont attack purple he has nothing except his army
(34:43 / All) Todova.cl: green at orange with mass wyvern
(34:45 / All) Todova.cl: go bat him
(34:53 / Allies) Intrigue: what ar eyou doing green
(34:54 / All) Todova.cl: orange has no expo
(35:00 / All) roar-boar-hoara: orange admit blue was the tker
(35:06 / All) Todova.cl: they attacking yellow
(35:07 / Allies) Intrigue: i didn't see shit due
(35:21 / Allies) Todova.cl: this faggot took my expo for no reason
(35:23 / Allies) Todova.cl: then killed me
(35:32 / Allies) Todova.cl: now u losing
(35:41 / All) Todova.cl: green tking everyone lol
(35:43 / All) Todova.cl: now u won red
(35:50 / All) roar-boar-hoara: blue attacked first then oj
(35:53 / All) roar-boar-hoara: i literally never hit them
(35:59 / Allies) Intrigue: ur an ass
(36:02 / All) Todova.cl: go red u got this
(36:05 / Allies) Intrigue: i'll tk u next time green
(36:12 / All) roar-boar-hoara: you'll do no such thing
(36:22 / Allies) Intrigue: yes i will
(36:25 / All) Todova.cl: green next to 6 oclock base
(36:28 / All) Todova.cl: now he mid
(36:33 / All) roar-boar-hoara: only thing oj will tk is a cheeseburger
(36:41 / Allies) Intrigue: im afk purp and blue. l8r
(36:42 / All) Todova.cl: green level 5 bm
(36:46 / All) Todova.cl: there u go
(36:48 / All) Todova.cl: u won
(36:51 / All) Todova.cl: bat him
(37:05 / All) Todova.cl: dont kill purple i help u
(37:20 / All) JudgeJuryExe: green is helping me
(38:14 / All) roar-boar-hoara: they helping me kill purple
(38:34 / All) Todova.cl: to bad u cant ally
(38:45 / All) roar-boar-hoara: too bad u suck meh dick
(39:05 / All) Todova.cl: i hope u win red
(39:26 / All) roar-boar-hoara: good
(39:29 / All) roar-boar-hoara: u leave?
(39:32 / All) JudgeJuryExe: yeah